[Event "*** Qualifier 1: Titled Tuesday 3|2 Blitz"]
[Site "Chess.com"]
[Date "2017.04.04"]
[Round "4"]
[White "nihalsarin"]
[Black "TheNextLevelFan"]
[Result "0-1"]
[WhiteElo "2526"]
[BlackElo "2378"]
[TimeControl "180+2"]
[EndTime "13:54:06 PDT"]
[Termination "TheNextLevelFan won by resignation"]

1. e4 e5 2. f4 exf4 3. Bc4 c6 4.
Nf3 d5 5. exd5 cxd5 6. Bb3 Nf6 7. O-O Bd6 8. Re1+ Be6 9. Nc3 O-O 10. d3 Nc6 11. Ne2 Nh5 12. Kh1 Qf6 13. Nc3 Rfe8 14. Bxd5 Bxd5 15. Nxd5 Qf5 16. Nc3 Nf6 17. Bd2 g5 18. Ne4 Nxe4 19. dxe4 Qg6 20. Bc3 Rad8 21. Qe2 Bc5 22. Qb5 Be3 23. Qxg5 Qxg5 24. Nxg5 h6 25. Nf3 Rxe4 26. Rad1 Ree8 27. g3 Rxd1 28.
Rxd1 fxg3 29. hxg3 Bg5 30. Re1 Rxe1+ 31. Bxe1 Kg7 32.
Bc3+ Kg6 33. Kg2 f5 34. Kf2 h5 35. Nxg5 Kxg5 36. Bd2+ Kg4 37. c4 Ne5 38. b3 a6 39.
a4 Nd3+ 40. Kg2 Nc5 41. b4 Nxa4 42. Kf2 Nb2 43. c5 Nc4 44. Bc3 f4 45. gxf4 Kxf4 46. Kg2 Ke4 47. Kh3 Kd3 48. Bg7 Ne3 49. Bf8 Nd5 50.
Kh4 Nxb4 51. Kxh5 Kd4 52. Kg4 Kd5 53. Kf3 Nd3 54. Ke3 Nxc5 55. Kd2 Kc4 56. Kc2 b5 57. Kb2 a5 58. Ka3 b4+ 59. Kb2 a4 60. Bg7 Nd3+ 61. Ka2 Ne1 62. Bh8 Nc2 63. Bg7 b3+ 64. Kb1 a3 65. Kc1 a2 66. Bc3 a1=Q+ 67. Bxa1 Nxa1 0-1

[Event "*** Qualifier 1: Titled Tuesday 3|2 Blitz"]
[Site "Chess.com"]
[Date "2017.04.04"]
[Round "4"]
[White "jcibarra"]
[Black "penguingm1"]
[Result "1/2-1/2"]
[WhiteElo "2657"]
[BlackElo "2604"]
[TimeControl "180+2"]
[EndTime "13:54:33 PDT"]
[Termination "Game drawn by repetition"]

1. e4 e5 2. Nf3 Nc6 3. Bc4 Bc5 4.
c3 Nf6 5. O-O Nxe4 6. d4 exd4 7.
cxd4 d5 8. dxc5 dxc4 9. Qe2 Qd3 10.
Re1 f5 11. Na3 Be6 12. Ng5 Qxe2 13. Rxe2 Nxg5 14. Bxg5 Kf7 15. Nb5 Rac8 16. Rae1 Rhe8 17. Bf4 Bd7 18. Bxc7 Rxe2 19. Rxe2 Kg6 20. Bf4 Nb4 21.
Nxa7 Rxc5 22. Bd6 Ra5 23. Bxb4 Rxa7 24. a3 b5 25. Re7 Rb7 26. Bc3 Bc8 27. Re8 Bd7 28. Re7 Bc8 29. Re5 Kf7 30. f3 Bd7 31. Kf2 h6 32. Ke3 g6 33. Kd4 Be8 34. Kc5 Rc7+ 35.
Kb6 Re7 36. Rxb5 Bxb5 37. Kxb5 Ke6 38. Kxc4 Kd7 39. Kd3 Kc6 40. a4 Kd5 41. b3 f4 42.
Bd2 g5 43. Kc3 Kc5 44. Kd3 Kd5 45. Bc1 Rb7 46. Kc3 Rc7+ 47. Kd2 Rb7 48. Kc3 Re7 49.
Kd2 Re3 50. b4 Kc4 51. b5 Kb4 52. Bb2 Kxa4 53. Bd4 Re7 54. b6 Kb5 55. Kd3 Kc6 56. g3 Rf7 57. g4 Re7 58. Kd2 Re6 59. Kd3 Re1 60. Bg7 Re6 61. Bd4 Re7 62. Bf2 Re8 63.
h4 Re6 64. h5 Rd6+ 65. Bd4 Re6 66. Bf2 Re8 67. Bd4 Re6 68. Bf2 Re8 69. Bd4 Re6 70.
Bf2 1/2-1/2

[Event "*** Qualifier 1: Titled Tuesday 3|2 Blitz"]
[Site "Chess.com"]
[Date "2017.04.04"]
[Round "4"]
[White "Bad4life"]
[Black "armago"]
[Result "0-1"]
[WhiteElo "2252"]
[BlackElo "2200"]
[TimeControl "180+2"]
[EndTime "13:54:37 PDT"]
[Termination "armago won by checkmate"]

1. e4 c5 2. Nf3 Nc6 3. Bb5 g6 4.
Bxc6 dxc6 5. d3 Bg7 6. h3 Nf6 7. Nc3 Nd7 8. Be3 e5 9. Qd2 h6 10. a4 a5 11. Qe2 Qe7 12. Nd2 O-O 13. Nc4 f5 14. exf5 gxf5 15. O-O-O b6 16. f4 Ba6 17. fxe5 Bxc4 18. dxc4 Nxe5 19. Bf4 Rae8 20. Kb1 Qf7 21. Bxe5 Bxe5 22. Qd3 Bd4 23. Rhf1 Re3 24. Qd2 Qxc4 25. Rf4 Qe6 26. Rxd4 cxd4 27. Qxd4 Re1 28. Rxe1 Qxe1+ 29. Ka2 Qe6+ 30. b3 Qf6 31. Qc4+ Kh8 32.
Ne2 Re8 33. Qd3 Qe5 34. Qd2 Qe3 35. Qd6 Qe6 36. Qf4 Kh7 37. Ng3 Qe5 38. Qf3 f4 39. Nh5 Rf8 40. Qxc6 Qxh5 41. Qb7+ Qf7 42. Qxb6 Qf5 43. Qc7+ Rf7 44. Qc3 f3 45. gxf3 Qxf3 46. Qxa5 Qf5 47. Qc3 Qg6 48. a5 Rf2 49. Kb2 Qf6 50.
b4 Kg7 51. b5 Rf5 52. Qxf6+ Kxf6 53. c4 Ke7 54. Kb3 Kd7 55. Kb4 Kc7 56. b6+ Kc6 57. Kc3 Rxa5 58. Kd4 Kxb6 59. Ke4 Rh5 60. Kd4 Rxh3 61. c5+ Kc6 62. Kc4 Rh5 63. Kd4 Rxc5 64.
Ke4 h5 65. Kf4 h4 66. Kg4 Rc4+ 67. Kh3 Kd6 68. Kg2 Ke5 69. Kh3 Kf5 70. Kg2 Kg5 71.
Kh3 Kh5 72. Kg2 Kg4 73. Kh2 Re4 74. Kg2 Re2+ 75. Kf1 Kf3 76. Kg1 h3 77. Kf1 Ra2 78.
Ke1 Ra4 79. Kf1 h2 80. Ke1 Rd4 81. Kf1 Rd1# 0-1

[Event "*** Qualifier 1: Titled Tuesday 3|2 Blitz"]
[Site "Chess.com"]
[Date "2017.04.04"]
[Round "4"]
[White "StoreySniper"]
[Black "thegreendog"]
[Result "1/2-1/2"]
[WhiteElo "2227"]
[BlackElo "2292"]
[TimeControl "180+2"]
[EndTime "13:54:46 PDT"]
[Termination "Game drawn by stalemate"]

1. d4 d5 2. c4 c6 3. cxd5 cxd5 4. Nc3 Nf6 5. Bf4 a6 6. e3 Nc6 7. Nf3 Bf5 8. Rc1 g6 9. Ne5 Nxe5 10. Bxe5 Bg7 11.
Qb3 b5 12. Nxd5 Nxd5 13. Bxg7 Rg8 14. Be5 Qa5+ 15. Kd1 Be6 16. Qa3 Qxa3 17. bxa3 Nb6 18. Bc7 Nc4 19. Bxc4 Bxc4 20. Ba5 Bxa2 21. Rc7 f5 22. Kd2 Bc4 23. f3 Kf7 24. e4 Rgc8 25. Rc5 Be6 26. Rhc1 Ke8 27. d5 Bd7 28. Bc7 Ra7 29. e5 e6 30. d6 Raa8 31. f4 a5 32.
Kc3 b4+ 33. axb4 axb4+ 34. Kxb4 Ra4+ 35. Kb3 Rxf4 36. Kc3 Rf2 37. Rc2 Rf4 38. Rb2 Re4 39. g3 g5 40. Kd3 h5 41. h3 Ra4 42. Rc3 Rca8 43. Rb8+ Rxb8 44. Bxb8 Rb4 45. Bc7 Rb5 46. Kd4 Rb4+ 47. Rc4 Rb3 48. g4 hxg4 49. hxg4 fxg4 50. Kc5 g3 51. Rg4 Rc3+ 52. Kd4 Rc2 53. Rxg3 Rd2+ 54. Ke3 Rd5 55. Rxg5 Ba4 56. Rg6 Kd7 57. Rg7+ Kc6 58. Rg5 Bc2 59. Rh5 Rd3+ 60. Ke2 Rd5 61. Rg5 Bd1+ 62.
Ke3 Bc2 63. Kf4 Rd4+ 64. Kg3 Rd5 65. Kh4 Bf5 66. Kh5 Rxe5 67. d7 Bg4+ 68. Kxg4 Rxg5+ 69. Kxg5 Kxc7 70. Kf6 Kxd7 71. Ke5 Ke7 72. Ke4 Kf6 73. Kf4 e5+ 74. Ke4 Ke6 75. Ke3 Kf5 76.
Kf3 e4+ 77. Ke3 Ke5 78. Ke2 Kd4 79. Kd2 e3+ 80. Ke2 Ke4 81. Ke1 Kf4 82. Ke2 Ke4 83.
Ke1 Kd3 84. Kd1 e2+ 85. Ke1 Ke3 1/2-1/2

[Event "*** Qualifier 1: Titled Tuesday 3|2 Blitz"]
[Site "Chess.com"]
[Date "2017.04.04"]
[Round "4"]
[White "Usurpov"]
[Black "stepanosinovsky"]
[Result "1-0"]
[WhiteElo "2267"]
[BlackElo "2156"]
[TimeControl "180+2"]
[EndTime "13:54:56 PDT"]
[Termination "Usurpov won on time"]

1. e4 e5 2. Nf3 Nc6 3. Nc3 Nf6 4.
d4 d6 5. Bb5 Bd7 6. O-O Be7 7. Re1 exd4 8. Nxd4 O-O 9. Bg5 a6 10.
Bxc6 bxc6 11. Qd3 Ng4 12. Bxe7 Qxe7 13. Rad1 Qh4 14. Qg3 Qxg3 15. hxg3 Rab8 16. b3 Rfe8 17. f3 Ne5 18. g4 f6 19. Kf2 a5 20. Nf5 g6 21. Ne3 h6 22. Kg3 Kg7 23. f4 Nf7 24.
Kf3 Re7 25. Nc4 Ra8 26. Re3 Be6 27. Nb2 Rae8 28. Rde1 Ra8 29. Nd3 Bd7 30. Rd1 Rae8 31. Rde1 Ra8 32. g3 Rae8 33. Nb2 Be6 34. Rd1 Ra8 35. Nd3 Rae8 36. Ne2 a4 37. Nd4 Bd7 38. Rde1 axb3 39. axb3 c5 40. Ne2 Bc6 41. Nc3 Re6 42. Nb2 f5 43. gxf5 gxf5 44. g4 fxe4+ 45. Kg3 d5 46. f5 Re5 47. R3e2 d4 48. Nca4 Nd6 49. Kf4 e3 50. Nd3 Re4+ 51. Kg3 c4 52. Nf4 cxb3 53. cxb3 d3 54. Nxd3 R8e5 55. Nxe5 Rxe5 56. Rxe3 Rb5 57. Re7+ Kf8 58. R1e3 Ne8 59. Nb2 Bd5 60. Nc4 Rb4 61. Rxe8+ Kf7 62. R8e7+ Kf6 63.
Rxc7 h5 64. Rd7 1-0

[Event "*** Qualifier 1: Titled Tuesday 3|2 Blitz"]
[Site "Chess.com"]
[Date "2017.04.04"]
[Round "4"]
[White "ShimanovAlex"]
[Black "A-Fier"]
[Result "1-0"]
[WhiteElo "2623"]
[BlackElo "2483"]
[TimeControl "180+2"]
[EndTime "13:55:14 PDT"]
[Termination "ShimanovAlex won by checkmate"]

1. d4 Nf6 2. Bf4 c5 3. d5 Qb6 4. Nc3 Qxb2 5. Bd2 Qb6 6. e4 e6 7. Bc4 d6 8. Nf3 e5 9. O-O g6 10.
a4 Bg7 11. Ne1 O-O 12. Nd3 Nbd7 13. Nb5 Ne8 14. Bg5 Bf6 15. Bh6 Bg7 16. Bg5 f6 17. Bh4 Qd8 18. a5 a6 19. Nc3 g5 20. Bg3 f5 21.
exf5 Ndf6 22. f3 Bxf5 23. Nf2 Kh8 24. Re1 Qd7 25. Na4 Rd8 26. Nb6 Qf7 27. Bd3 Qg6 28.
Bxf5 Qxf5 29. Qd3 Qxd3 30. Nxd3 g4 31. f4 e4 32. Nf2 Nd7 33. Rab1 Nef6 34. c4 Rfe8 35.
Nd1 Nh5 36. Bh4 Bd4+ 37. Kh1 Ndf6 38. Ne3 Nxf4 39. Nf5 Be5 40. Rf1 Rf8 41. Rbe1 Nd3 42. Rb1 Rde8 43. Bg5 Bd4 44. Nxd6 Rd8 45. Bxf6+ Bxf6 46. Nxe4 Bd4 47. Rxf8+ Rxf8 48. d6 Ne5 49. g3 Rd8 50.
Rf1 Kg7 51. Rf5 Nf7 52. Rd5 Be3 53. d7 h6 54. Nxc5 Bxc5 55. Rxc5 Kf6 56. Rc8 Ke6 57.
c5 Ke5 58. Kg2 Kd4 59. Kf2 Kc3 60. Ke3 Kb4 61. Kd4 Kxa5 62. Kd5 Kb5 63. Ke6 Ng5+ 64. Ke7 Rxd7+ 65. Kxd7 Ne4 66. Nd5 Nxc5+ 67. Kd6 Ne4+ 68. Ke5 Nd2 69. Nc3+ Kb4 70. Ne4 Nf3+ 71. Kd5 Nxh2 72.
Nc5 a5 73. Nxb7 a4 74. Rc4+ Kb5 75. Nd6+ Ka5 76. Kc6 Nf3 77. Nb7+ Ka6 78. Rxa4# 1-0

[Event "*** Qualifier 1: Titled Tuesday 3|2 Blitz"]
[Site "Chess.com"]
[Date "2017.04.04"]
[Round "4"]
[White "kharov2001"]
[Black "Aragon"]
[Result "1-0"]
[WhiteElo "1831"]
[BlackElo "2013"]
[TimeControl "180+2"]
[EndTime "13:55:29 PDT"]
[Termination "kharov2001 won by resignation"]

1. e4 Nc6 2. Nf3 f5 3. e5 d6 4. d4 dxe5 5. Bb5 e4 6. Bxc6+ bxc6 7. Ne5 Qd6 8. O-O c5 9. Be3 cxd4 10. Bxd4 Nf6 11.
Na3 Be6 12. Nac4 Qa6 13. Qe2 Rd8 14. Rfd1 g6 15. f3 Bg7 16. fxe4 Nxe4 17. Nxg6 hxg6 18. Bxg7 Bxc4 19. Rxd8+ Kxd8 20. Qd1+ Kc8 21. Bxh8 Qb6+ 22. Qd4 Qxd4+ 23. Bxd4 c5 24. Be3 e5 25. Rd1 Kc7 26. b3 Be6 27. c4 f4 28. Bd2 Kc6 29.
Bc1 Bg4 30. Rd8 Nc3 31. Bb2 Ne2+ 32. Kf2 e4 33. Rf8 e3+ 34. Ke1 g5 35. Bf6 Nd4 36.
Bxg5 f3 37. gxf3 Nxf3+ 38. Ke2 Nxg5+ 39. Kxe3 Ne6 40. Rg8 Bf5 41. h4 Bb1 42. h5 Bxa2 43. h6 Bxb3 44. h7 Bxc4 45. h8=Q Nd4 46. Qh6+ Kb5 47.
Rb8+ Ka5 48. Qf8 Nb3 49. Qd8+ Ka4 50. Qd7+ Ka3 51. Qxa7+ Kb2 52. Qg7+ Kc2 53. Kf2 Nd4 54. Rc8 Nb3 55. Rxc5 Nxc5 56. Qc7 Nd3+ 57. Ke3 Kc3 58. Qg7+ Kb3 59. Kd4 Bb5 60. Qb7 Ka4 61. Kc3 Ka5 62. Kd4 Kb4 63. Qb8 Ka5 64. Qc7+ Kb4 65.
Qc3+ Ka4 66. Qa1+ Kb4 67. Qb1+ Ka4 68. Qh1 Kb3 69. Qh4 Kb4 70. Qh8 Kb3 71. Qg7 Kb4 72.
Qh8 Kb3 73. Qf8 Ka4 74. Kc3 Ka5 75. Qa3+ Kb6 76. Kd4 Kc6 77. Qa7 Kd6 78. Qb6+ Bc6 79. Kxd3 Kd7 80. Kd4 1-0

[Event "*** Qualifier 1: Titled Tuesday 3|2 Blitz"]
[Site "Chess.com"]
[Date "2017.04.04"]
[Round "4"]
[White "Outsmiter"]
[Black "P0ubelle"]
[Result "1-0"]
[WhiteElo "2117"]
[BlackElo "2094"]
[TimeControl "180+2"]
[EndTime "13:55:43 PDT"]
[Termination "Outsmiter won by checkmate"]

1. e4 e5 2. Nf3 Nc6 3. Bb5 a6 4. Ba4 Nf6 5. d4 exd4 6. e5 Nd5 7. O-O Be7 8. Bb3 Nb6 9. Nxd4 Nxd4 10. Qxd4 O-O 11.
a4 a5 12. Bf4 d6 13. exd6 Bxd6 14. Bxd6 Qxd6 15. Qxd6 cxd6 16. Nc3 Be6 17. Bxe6 fxe6 18. Rfe1 Rf6 19. Ne4 Rg6 20. Nxd6 Nd5 21. b3 b6 22. Nc4 Rf8 23. Ne3 Nf4 24. g3 Nh3+ 25. Kg2 Nxf2 26. Nc4 Ng4 27. Re2 Rgf6 28. h3 Nh6 29.
Nxb6 Rg6 30. Rf2 Nf5 31. g4 h5 32. Rf4 hxg4 33. hxg4 Ne3+ 34. Kg3 Rxf4 35. Kxf4 Nxc2 36.
Rd1 Rf6+ 37. Ke5 Nb4 38. Nc4 Nc6+ 39. Kd6 e5+ 40. Kd5 Rg6 41. g5 Nb4+ 42. Kxe5 Rxg5+ 43. Kf4 Rh5 44. Rd6 Rh3 45. Nxa5 Kh7 46. Kg4 Re3 47.
Rd4 Nc2 48. Rc4 Na3 49. Rc6 Re5 50. Nc4 Nxc4 51. Rxc4 Ra5 52. Rc6 g6 53. Rc1 Kh6 54. Rh1+ Kg7 55. Ra1 Kf6 56. b4 Ra8 57. a5 Ke5 58.
Rd1 Rb8 59. Rb1 Kd6 60. b5 Kc5 61. b6 Kc6 62. Kg5 Kb7 63. Kxg6 Ka6 64. Ra1 Kb7 65. Kf6 Ka6 66. Ke7 Rb7+ 67. Kd6 Rh7 68. Kc6 Rh6+ 69.
Kc5 Rh5+ 70. Kb4 Rh4+ 71. Kb3 Rh3+ 72. Kc2 Rh2+ 73. Kd3 Rh8 74. Ke4 Rh4+ 75. Kf5 Rh5+ 76. Kg6 Rh8 77. Kg7 Rb8 78. Kf7 Rb7+ 79. Ke8 Rb8+ 80. Kd7 Rh8 81. Rb1 Kxa5 82. b7 Rh7+ 83. Ke6 Rh6+ 84. Kf5 Ka6 85. b8=Q Rh5+ 86. Kg4 Rh6 87.
Qa8# 1-0

[Event "*** Qualifier 1: Titled Tuesday 3|2 Blitz"]
[Site "Chess.com"]
[Date "2017.04.04"]
[Round "4"]
[White "platy3"]
[Black "TenisMaster"]
[Result "0-1"]
[WhiteElo "2616"]
[BlackElo "2662"]
[TimeControl "180+2"]
[EndTime "13:55:54 PDT"]
[Termination "TenisMaster won by resignation"]

1. e4 e5 2. Nf3 Nc6 3. Bb5 Nf6 4.
d3 Bc5 5. Bxc6 dxc6 6. Nbd2 Be6 7. Nb3 Bd6 8. Ng5 Bxb3 9. axb3 Nd7 10. O-O f6 11.
Nf3 Nc5 12. Nd2 Ne6 13. Nc4 c5 14. Qh5+ g6 15. Qg4 Qd7 16. Be3 Be7 17. g3 O-O 18. f4 exf4 19. gxf4 f5 20. Qg2 Nd4 21. e5 c6 22. Bxd4 Qxd4+ 23. Qf2 Qd5 24. Qf3 Qd4+ 25. Qe3 Qd5 26. Qf3 Qd4+ 27. Qf2 Qd7 28. Rfe1 b5 29. Nd2 a5 30. Nf3 Qd5 31. h4 Kh8 32. Kh2 Rfd8 33. h5 gxh5 34. Rg1 Rg8 35. Nh4 Qe6 36. Rxg8+ Rxg8 37. Rxa5 Rg4 38. Ra8+ Kg7 39. Ng2 h4 40. Qf3 Qg6 41. Ra7 Kf8 42. Ra8+ Kf7 43. Ra7 Rg3 44. e6+ Kf6 45. Qe2 Qg4 46. Qxg4 Rxg4 47. Rc7 Kxe6 48. Rxc6+ Bd6 49. Rb6 b4 50. Kh3 Rg3+ 51. Kh2 Rg4 52. Kh3 Kd7 53. Nxh4 Rxf4 54. Rb7+ Bc7 55. Ra7 Rf2 56. Ng2 f4 57. Ra8 f3 58.
Ne3 Rh2+ 59. Kg4 f2 60. Rf8 Bd6 61. Rf7+ Ke6 62. Rf3 Be5 63. c3 bxc3 64. bxc3 Bxc3 65. Nf1 Rg2+ 66. Kh3 Rg1 67. Rxf2 Bd4 68. Re2+ Kd5 69. Ng3 Rb1 70. Nf5 Rxb3 71. Ne7+ Kd6 72. Nf5+ Kc6 73. Re6+ Kb5 74. Kg4 Rxd3 75. Kf4 Rd1 76. Re8 Rf1+ 77.
Kg4 h5+ 78. Kg5 Kc4 79. Rd8 Rf2 80. Rd7 Kd3 81. Ra7 Be5 82. Ra3+ Kc4 83. Ne3+ Kb4 84. Rd3 Bf4+ 85. Kxh5 Bxe3 0-1

[Event "*** Qualifier 1: Titled Tuesday 3|2 Blitz"]
[Site "Chess.com"]
[Date "2017.04.04"]
[Round "4"]
[White "FelixBlohberger"]
[Black "jcgs1030"]
[Result "1/2-1/2"]
[WhiteElo "2222"]
[BlackElo "2285"]
[TimeControl "180+2"]
[EndTime "13:56:04 PDT"]
[Termination "Game drawn - insufficient material"]

1. d4 Nf6 2. Nf3 g6 3. Bg5 Ne4 4. Bf4 Bg7 5. Nbd2 d5 6. c3 Nxd2 7. Qxd2 Bf5 8. Bh6 Kf8 9. h4 Nd7 10. h5 Nf6 11. Bxg7+ Kxg7 12. h6+ Kf8 13. e3 Qd6 14.
Bd3 Bxd3 15. Qxd3 Ne4 16. Ne5 f6 17. Nc4 Qa6 18. b3 dxc4 19. Qxe4 cxb3 20. Qb1 bxa2 21. Rxa2 Qc6 22. O-O Kf7 23. Qb3+ e6 24. Rb1 b6 25. c4 Rhd8 26. f3 Rd7 27. Kf2 a5 28. c5 bxc5 29. Rc2 a4 30. Qa3 c4 31. Rbc1 Qd6 32. Qa2 Qh2 33. Rxc4 Qh4+ 34. Ke2 Qg3 35. Kf1 g5 36. Rxa4 Rxa4 37. Qxa4 Re7 38. Qc2 Qh2 39. Qxh7+ Ke8 40.
Qg6+ Kd7 41. Kf2 Qh4+ 42. Kg1 g4 43. fxg4 Qg3 44. Rf1 Qxe3+ 45. Kh2 Qxd4 46. h7 Qe5+ 47. Kh1 f5 48. gxf5 exf5 49. Qxf5+ Qxf5 50. Rxf5 Rxh7+ 51. Kg1 Ke6 52. Rc5 Kd6 53. Rc3 c5 54. Kf2 Rf7+ 55.
Kg3 Rg7+ 56. Kf3 Ke5 57. Rxc5+ Kf6 58. g4 Ra7 59. Rc6+ Kg5 60. Rc5+ Kg6 61. Kg3 Ra1 62.
Rc6+ Kg5 63. Rc5+ Kg6 64. Rc4 Kg5 65. Rc5+ Kg6 66. Kf4 Rf1+ 67. Ke3 Rg1 68. Kf3 Rf1+ 69.
Kg2 Ra1 70. Rc3 Kg5 71. Kh3 Rh1+ 72. Kg2 Rh4 73. Rc5+ Kf4 74. Rc4+ Kg5 75. Kg3 Rh1 76. Rc5+ Kg6 77. Rc6+ Kg5 78. Rc5+ Kg6 79. Kg2 Ra1 80. Kh3 Rh1+ 81. Kg2 Ra1 82. Kf3 Rf1+ 83. Ke2 Rf4 84. g5 Rg4 85. Kf3 Rxg5 86. Rxg5+ Kxg5 1/2-1/2

[Event "*** Qualifier 1: Titled Tuesday 3|2 Blitz"]
[Site "Chess.com"]
[Date "2017.04.04"]
[Round "4"]
[White "iturrizaga"]
[Black "Bigfish1995"]
[Result "1/2-1/2"]
[WhiteElo "2646"]
[BlackElo "2651"]
[TimeControl "180+2"]
[EndTime "13:56:08 PDT"]
[Termination "Game drawn by agreement"]

1. Nf3 Nf6 2. c4 e6 3. g3 b6 4. Bg2 Bb7 5. O-O Be7 6. b3 O-O 7. Bb2 c5 8. e3 d6 9. Qe2 Nbd7 10. Rd1 a6 11. d4 Qc7 12. Nc3 Ne4 13. Rac1 Ndf6 14.
Nb1 b5 15. dxc5 dxc5 16. Ne5 b4 17. f3 Nd6 18. e4 Rfd8 19. Nd3 Nd7 20. Nd2 a5 21. g4 a4 22. e5 Nc8 23. f4 Na7 24. Ne4 Nc6 25. Rd2 axb3 26. axb3 Na5 27. Qd1 Nf8 28.
Ra1 Ng6 29. Bh1 Nh4 30. Nc1 Rxd2 31. Qxd2 Rd8 32. Qc2 Ng6 33. Ne2 Nc6 34. Rd1 Nd4 35. Bxd4 cxd4 36. Qd3 h6 37. N4g3 Bxh1 38. Kxh1 Qc6+ 39.
Kg1 Nh4 40. Ne4 Qa8 41. N2g3 Ng6 42. Rf1 Qa2 43. Rf2 Qa1+ 44. Kg2 Qc1 45. Nh5 Qe3 46. Qxe3 dxe3 47. Rb2 Nh4+ 48. Kf1 Rd4 49. Nhg3 Ng6 50. Ke2 Nxf4+ 51. Kxe3 Rd3+ 52. Kxf4 g5+ 53. Nxg5 hxg5+ 54. Ke4 Rc3 55. Ne2 Rh3 56. Nd4 Bc5 57. Nf3 Kg7 58. Ra2 Kg6 59. Ra5 Bf2 60. Ra8 Kg7 61. Rc8 f5+ 62. exf6+ Kxf6 63. c5 Rh7 64. c6 Bb6 65.
Rf8+ Ke7 66. Rb8 Bc7 67. Rxb4 Kd6 68. Rc4 Rf7 69. Nxg5 Rf2 70. Nf3 e5 71. h4 Re2+ 72. Kd3 Rg2 73. h5 Kd5 74. b4 Rg3 75. Rc5+ Ke6 76.
Ke2 Rxg4 77. b5 Rg2+ 78. Kd3 Rg3 79. Ke2 Rg2+ 80. Kf1 Rg3 81. Rc3 Kd5 82. Rd3+ Kc5 83. Nxe5 Rg5 84. Nd7+ Kxb5 85. Rh3 Kxc6 86. h6 Kxd7 87.
h7 Be5 88. h8=Q Bxh8 89. Rxh8 1/2-1/2

[Event "*** Qualifier 1: Titled Tuesday 3|2 Blitz"]
[Site "Chess.com"]
[Date "2017.04.04"]
[Round "4"]
[White "Wolverine_master"]
[Black "MyleneFarmer"]
[Result "0-1"]
[WhiteElo "1967"]
[BlackElo "2327"]
[TimeControl "180+2"]
[EndTime "13:56:12 PDT"]
[Termination "MyleneFarmer won by checkmate"]

1. e4 f6 2. d4 g6 3. f4 Nh6 4. Nf3 Nf7 5. Bc4 e6 6. f5 d5 7. fxe6 Bxe6 8. exd5 Bxd5 9. Qe2+ Be7 10. Bxd5 Qxd5 11. O-O Nc6 12. c4 Nxd4 13. Nxd4 Qxd4+ 14. Be3 Qe5 15. Nc3 O-O 16. Qf3 Bc5 17. Rae1 Bxe3+ 18.
Rxe3 Qd4 19. Rd1 Qxc4 20. Qxf6 Qc5 21. Nd5 Rfe8 22. Ne7+ Kf8 23. Re1 Rad8 24. Kh1 Qxe3 25. Rf1 Qf4 26. Rxf4 Rd1+ 27. Rf1 Rxf1+ 28. Qxf1 Rxe7 29.
h3 Kg7 30. Qb5 b6 31. Qa6 c5 32. a3 Nd6 33. Qd3 Nf5 34. b4 cxb4 35. axb4 h5 36.
g4 Re3 37. Qd7+ Re7 38. Qd8 hxg4 39. hxg4 Re1+ 40. Kg2 Ne7 41. Kf2 Re6 42. Qd7 Rf6+ 43. Ke3 Rf7 44. Qd4+ Kg8 45. Qd8+ Kg7 46. Qd4+ Kg8 47.
Qd8+ Kh7 48. Qe8 Kg7 49. Qa8 g5 50. Kd4 Ng6 51. Qd5 Rf4+ 52. Ke3 Rxb4 53. Qd7+ Kh6 54. Qxa7 Rxg4 55. Qxb6 Rg3+ 56. Kf2 Rg4 57. Qc7 Rf4+ 58. Kg2 Nh4+ 59. Kg3 Nf5+ 60. Kg2 Ne3+ 61. Kg3 Nf5+ 62.
Kg2 Nh4+ 63. Kg3 Nf5+ 64. Kg2 Ng7 65. Qd6+ Kh5 66. Qe7 Kg6 67. Qd6+ Rf6 68. Qd3+ Kf7 69. Kg3 Ne6 70. Qd7+ Kg6 71. Qd3+ Kh6 72. Qc3 Kg6 73. Qd3+ Kg7 74. Qd7+ Kh6 75. Qe7 Kg6 76. Qd7 Ng7 77. Qd3+ Kh6 78. Kg4 Rf4+ 79. Kg3 Nh5+ 80. Kg2 Rg4+ 81.
Kh2 Rh4+ 82. Kg2 Nf4+ 83. Kg3 Rh3+ 84. Kg4 Rxd3 85. Kf5 Kh5 86. Ke4 Kg4 87. Ke5 Re3+ 88. Kf6 Kh4 89. Kg7 g4 90. Kh6 Re6+ 91. Kh7 Kg5 92. Kg7 Re7+ 93. Kf8 Nd5 94. Kg8 Kg6 95. Kf8 g3 96. Kg8 Re8# 0-1

[Event "*** Qualifier 1: Titled Tuesday 3|2 Blitz"]
[Site "Chess.com"]
[Date "2017.04.04"]
[Round "4"]
[White "evgenyermolaev"]
[Black "poummba"]
[Result "1/2-1/2"]
[WhiteElo "2386"]
[BlackElo "2390"]
[TimeControl "180+2"]
[EndTime "13:56:25 PDT"]
[Termination "Game drawn - insufficient material"]

1. e4 c6 2. d4 d5 3. e5 c5 4. dxc5 e6 5. a3 Bxc5 6. b4 Bb6 7. Nf3 a5 8. Bb2 axb4 9. axb4 Rxa1 10. Bxa1 Na6 11.
Bxa6 bxa6 12. O-O Ne7 13. Nbd2 Bd7 14. c4 O-O 15. Qb3 a5 16. c5 Ba7 17. Rc1 axb4 18. Qxb4 Qb8 19. Qg4 Rc8 20. Ng5 h6 21. Rb1 Qc7 22.
Ngf3 Bxc5 23. h3 Qa7 24. Bd4 Nf5 25. Bxc5 Qxc5 26. Re1 Bb5 27. Nb3 Qc3 28. Nbd4 Nxd4 29. Qxd4 Qxd4 30. Nxd4 Bd3 31. f3 g5 32. Kf2 Rb8 33.
Ke3 Bg6 34. Re2 Rb1 35. Ra2 Kg7 36. Re2 Rd1 37. Rd2 Rc1 38. Kf2 Bb1 39. Kg3 Re1 40. Ne2 Kg6 41. Kf2 Rh1 42. Kg3 Bf5 43. Nd4 Re1 44.
Ne2 h5 45. Kf2 Rb1 46. Nd4 Rc1 47. Ne2 Ra1 48. Nd4 Ra4 49. Ne2 Bb1 50. Nc3 Rb4 51.
Ne2 Kf5 52. Nd4+ Kg6 53. Ne2 Bf5 54. Nd4 Ra4 55. Ne2 Kg7 56. Nd4 Ra5 57. Ke3 Bg6 58. Kf2 Rc5 59. Ke3 Kf8 60. Kf2 Kg7 61. Ke3 Rc3+ 62. Kf2 Bb1 63. Rb2 Bd3 64. Rd2 Bc4 65.
Rd1 Ra3 66. Rd2 Ra1 67. Ke3 Re1+ 68. Kf2 Rxe5 69. g4 hxg4 70. hxg4 f5 71. Nc6 Re2+ 72. Rxe2 Bxe2 73. Kxe2 Kf6 74. Nd4 Ke5 75. Ke3 Kf6 76. gxf5 exf5 77. Ne2 Ke5 78. Nd4 Kf6 79. Nc6 Ke6 80.
Nd4+ Ke5 81. Ne2 Kf6 82. Kd4 f4 83. Kxd5 g4 84. fxg4 Kg5 85. Nxf4 Kxg4 1/2-1/2

[Event "*** Qualifier 1: Titled Tuesday 3|2 Blitz"]
[Site "Chess.com"]
[Date "2017.04.04"]
[Round "4"]
[White "GrigorGrigorov"]
[Black "PelinGorki"]
[Result "1/2-1/2"]
[WhiteElo "2511"]
[BlackElo "2374"]
[TimeControl "180+2"]
[EndTime "13:56:36 PDT"]
[Termination "Game drawn by agreement"]

1. d4 Nf6 2. c4 e6 3. Nc3 Bb4 4.
e3 O-O 5. Ne2 d5 6. a3 Be7 7. cxd5 exd5 8. Nf4 c6 9. Bd3 Bg4 10. f3 Bd7 11. O-O Bd6 12. Kh1 Bxf4 13. exf4 Re8 14. f5 Qe7 15. Bg5 h6 16. Bh4 a5 17. Re1 Qd8 18. Qd2 Na6 19. Rxe8+ Bxe8 20. g4 Nc7 21. Rg1 Bd7 22. Ne2 Nce8 23. Nf4 b5 24. Nh5 Qe7 25. Nxf6+ Nxf6 26. g5 Nh5 27. f6 Qe6 28. gxh6 g6 29. Qg5 Kh8 30. Re1 Qd6 31.
Re7 Be8 32. h7 Qf4 33. Qxf4 Nxf4 34. Bf1 Ne6 35. Bf2 Ng5 36. Be2 Nxh7 37. Bg3 Nxf6 38. Be5 Kg7 39. h4 b4 40. a4 c5 41. dxc5 Bxa4 42.
Kh2 Rc8 43. Bd4 Rc6 44. Ra7 Re6 45. Bd3 Bc6 46. Rxa5 Kf8 47. Ra6 Nh5 48. Rb6 Nf4 49. Bf1 Ne2 50. Bxe2 Rxe2+ 51. Kg3 Re6 52. Rxb4 Ke7 53.
Rb8 Kd7 54. b4 Kc7 55. Rb6 Bd7 56. Rxe6 Bxe6 57. b5 Bf5 58. Bc3 Bd3 59. Ba5+ Kb7 60. c6+ Kc8 61. b6 Bb5 62. c7 Bc6 63. Bc3 Kb7 64.
Bd4 Bd7 65. Kf4 f6 66. Ke3 Kc6 67. f4 Bc8 68. Kd2 f5 69. Kc3 Kb5 70. Be3 Kc6 71.
Kb4 Ba6 72. Bd4 Bc8 73. Ka5 Bb7 74. Kb4 Bc8 75. Kc3 Ba6 76. Kd2 Bc8 77. Ke3 Kb5 78.
Kf2 Kc4 79. Ke3 Kb5 80. Kd3 Kc6 81. Bf2 Bb7 82. Kc3 Bc8 83. Be3 Ba6 84. Kd4 Kxb6 85. Kxd5+ Kxc7 86. Ke6 Be2 87. Kf6 Bh5 88. Kg5 Kc6 89.
Bd4 Kb5 90. Be5 Kc4 91. Kf6 Kd3 92. Kg5 Ke2 93. Bf6 Kf3 94. Be5 Kg3 95. Bf6 1/2-1/2